 Dungeon Crawl Stone Soup version 0.29-a0-517-gbdf32494f2 (webtiles) character file.

Game seed: 13921981486020152864

30 Spectrina the Ducker (level 3, -1/22 HPs)
             Began as a Deep Elf Monk on May 30, 2022.
             Was a Priest of Qazlal.
             Killed by nerve-wracking pain
             ... invoked by Grinder
              (13 damage)
             ... on level 3 of the Dungeon.
             The game lasted 00:09:15 (951 turns).

Spectrina the Ducker (Deep Elf Monk)                 Turns: 951, Time: 00:09:15

Health: -1/22      AC:  2    Str: 10    XL:     3   Next: 5%
Magic:  5/5        EV: 13    Int: 14    God:    Qazlal [***...]
Gold:   115        SH:  3    Dex: 17    Spells: 2/2 levels left

rFire   . . .      SeeInvis .   d - +2 trident (vorpal)
rCold   . . .      Faith    .   (no shield)
rNeg    . . .      Spirit   .   b - +0 robe
rPois   .          Reflect  .   (no helmet)
rElec   .          Harm     .   (no cloak)
rCorr   .          Rampage  .   (no gloves)
Will    .....                   (no boots)
Stlth   ++........              (no amulet)
HPRegen 0.07/turn               (no ring)
MPRegen 0.09/turn               (no ring)

@: no status effects
A: no striking features
a: Renounce Religion, Upheaval, Elemental Force


You were on level 3 of the Dungeon.
You worshipped Qazlal.
Qazlal was most pleased with you.
You visited 1 branch of the dungeon, and saw 3 of its levels.

You collected 115 gold pieces.

Inventory:

Hand Weapons
 a - a +0 falchion
 d - a +2 vorpal trident (weapon)
Missiles
 i - 63 stones (quivered)
 j - 8 poisoned darts
Armour
 b - a +0 robe (worn)
Scrolls
 e - a scroll of enchant weapon {unknown}
 g - a scroll of poison {unknown}
 h - a scroll of identify {unknown}
Potions
 c - a potion of ambrosia
 f - 2 potions of curing
 k - a potion of heal wounds {unknown}
 l - a potion of attraction {unknown}
 m - a potion of cancellation {unknown}


   Skills:
 - Level 2.4 Fighting
 - Level 2.6 Long Blades
 + Level 2.0 Polearms
 - Level 3.6 Dodging
 - Level 2.4 Stealth
 * Level 0.1 Invocations


You had 2 spell levels left.
You didn't know any spells.
Your spell library was empty.

Dungeon Overview and Level Annotations

Branches:
Dungeon (3/15)

Altars:
Qazlal

Shops:
D:2 [

Annotations:
D:3 Grinder


Message History

Adjust which ability? a - Upheaval Adjust to which letter? q - Upheaval Activating: Elemental Force (65% risk of failure)
Press: ? - help, Dir - look around, f - activate
Okay, then.
Throw: 66 stones
Press: ? - help, Q - select action, (/) - cycle Shift-Dir - straight line, f - Grinder
Aim: Grinder (57% to hit)
You throw a stone.
The stone hits Grinder but does no damage.
Grinder gestures at you. Pain shoots through your body!
Ouch! That really hurt!
Activating: Elemental Force (65% risk of failure)
Press: ? - help, Dir - look around, f - activate You fail to use your ability.
Unknown command.
Okay, then.
A hobgoblin comes into view.
Activating: Elemental Force (65% risk of failure)
Press: ? - help, Dir - look around, f - activate You fail to use your ability.
Throw: 65 stones
Press: ? - help, Q - select action, (/) - cycle Shift-Dir - straight line, f - Grinder
Aim: Grinder (57% to hit)
You throw a stone.
The stone hits Grinder but does no damage.
Throw: 64 stones
Press: ? - help, Q - select action, (/) - cycle Shift-Dir - straight line, f/p - Grinder
Aim: Grinder (57% to hit)
You throw a stone. The stone closely misses Grinder.
The stone hits the hobgoblin.
The hobgoblin is moderately wounded.
A quokka comes into view.
Grinder gestures at you. Pain shoots through your body!
Ouch! That really hurt!
You die...

#.## ..# #...
...#####..#####
................ .
#.##............
..r########.##............
...[........##............
..........°.##.....<†.....
.....(g5.@..#####+#..####.
............#.............
###########.#.###.#.......
#.#.# #.#..####.
######.#.# #.#..#...
#......#.###.#..#.#..
#.####.#.....#.......
#.########.#.###
#..........#.#


You could see Grinder, a quokka (wandering) and a hobgoblin.

Vanquished Creatures
  6 endoplasms
  A giant cockroach (D:1)
  A goblin (D:2)
  2 hobgoblins (D:1)
  2 kobolds (D:2)
  4 quokkas
  2 ball pythons
  2 bats
  3 frilled lizards
  4 rats
27 creatures vanquished.

Notes
Turn   | Place    | Note
-------+----------+-------------------------------------------
     0 | D:1      | Spectrina the Deep Elf Monk began the quest for the Orb.
     0 | D:1      | Reached XP level 1. HP: 13/13 MP: 3/3
    78 | D:2      | Found Xacsu's Armour Boutique.
   133 | D:2      | Reached skill level 1 in Polearms
   228 | D:2      | Reached XP level 2. HP: 10/18 MP: 4/4
   695 | D:1      | Found a faded altar of an unknown god.
   705 | D:1      | Prayed at the altar of an unknown god.
   705 | D:1      | Became a worshipper of Qazlal Stormbringer
   705 | D:1      | Reached * piety under Qazlal
   705 | D:1      | Reached ** piety under Qazlal
   842 | D:2      | Reached *** piety under Qazlal
   843 | D:2      | Reached XP level 3. HP: 20/22 MP: 5/5
   943 | D:3      | Noticed Grinder
   951 | D:3      | Killed from afar by Grinder

Illustrated notes

Levels and vault maps discovered:
D:1:      co_arrival_square_in_a_square_in_a_square, layout_basic,
          basic_ecumenical_altar
D:2:      layout_loops_cross, serial_shops, nicolae_shop_waterfront,
          nicolae_diamond_shop, basic_altar
D:3:      layout_basic, demons_altar, serial_shops, nicolae_shop_hallway_stairs,
          uniq_sigmund, uniq_grinder

Skill      XL: |  1  2 |
---------------+-------+-----
Polearms       | 1 2 |  2.0
Fighting       | |  2.4
Long Blades    | |  2.6
Dodging        | |  3.6
Stealth        | |  2.4
Invocations    | |  0.1

Action                   || total
-------------------------++-------
Melee: Trident           ||    68
Throw: Dart              ||     3
       Stone             ||     8
  Use: Potion            ||     1
 Stab: Sleeping          ||     4
Armor: Robe              ||    10
Dodge: Dodged            ||    30
Block: Other             ||     3

Table legend: (Time is in decaauts)
 A = Elapsed time spent in this place.
 B = Non-inter-level travel time spent in this place.
 C = Inter-level travel time spent in this place.
 D = Time resting spent in this place.
 E = Time spent auto-exploring this place.
 F = Levels seen in this place.
 G = Mean time per level.
                   A        B        C        D        E       F      G
               +--------+--------+--------+--------+--------+-----+--------+
         Total |    966 |    824 |    142 |      0 |      0 |   3 |  322.0 |
       Dungeon |    966 |    824 |    142 |      0 |      0 |   3 |  322.0 |
               +--------+--------+--------+--------+--------+-----+--------+

Top non-repeatable levels by time:
     D:1: 656 daAuts
     D:2: 246 daAuts
     D:3: 64 daAuts
